Map: Neon Violet Square LE

Players

Kozzy

  • Race: Protoss Protoss
  • League: Gold
  • Spawn Location: 11:00

lladnek - Winner!

  • Race: Zerg Zerg
  • Spawn Location: 5:00

VOD

Have the link to the VOD?

Description

Time

  • Played on: April 4, 2018, 4:03 a.m.
  • Length: 10:52
Show
View Real Time Build Order
Export as new Build Order

Kozzy Protoss 

Build Orders:  

Get SALT Encoding   

  12  0:01  Probe  
  13  0:13  Probe  
  14  0:22  Pylon  
  14  0:25  Probe  
  15  0:40  Probe (Chrono Boost)  
  15  0:42  Gateway  
  16  0:52  Probe (Chrono Boost)  
  16  0:57  Probe (Chrono Boost)  
  17  1:00  Assimilator  
  17  1:01  Assimilator  
  18  1:06  Probe (Chrono Boost)  
  19  1:18  Probe (Chrono Boost)  
  20  1:20  Pylon  
  20  1:23  Probe (Chrono Boost)  
  21  1:34  Zealot  
  23  1:45  Gateway  
  22  1:55  Gateway  
  22  2:05  Pylon  
  24  2:17  Zealot (Chrono Boost)  
  24  2:28  Cybernetics Core  
  24  2:35  Probe  
  24  2:36  Zealot (Chrono Boost)  
  29  2:47  Probe, Zealot (Chrono Boost)  
  30  2:59  Probe  
  31  3:07  Shield Battery  
  31  3:12  Stalker  
  33  3:14  Stalker  
  35  3:30  Forge  
  35  3:32  Pylon  
  35  3:44  Shield Battery  
  35  3:56  Probe  
  35  3:57  Twilight Council  
  38  4:04  Stalker  
  38  4:08  Probe  
  39  4:19  Photon Cannon  
  39  4:26  Protoss Ground Weapons Level 1 (Chrono Boost)  
  39  4:27  Pylon  
  39  4:33  Warp Gate, Charge (Chrono Boost)  
  39  4:54  Pylon  
  39  5:16  Gateway  
  39  5:19  Pylon  
  39  5:22  Stalker  
  39  5:24  Zealot  
  39  5:25  Stalker  
  45  6:05  Pylon  
  45  6:16  Pylon  
  45  6:20  Protoss Ground Weapons Level 2 (Chrono Boost)  
  45  6:39  Zealot x3  
  51  6:41  Zealot  
  53  6:51  Gateway  
  52  7:05  Robotics Facility  
  52  7:09  Zealot x2  
  52  7:10  Zealot x2  
  60  7:29  Nexus  
  60  7:31  Zealot  
  60  7:32  Zealot  
  50  7:58  Stalker  
  50  7:59  Stalker  
  49  8:54  Probe  
  48  9:06  Probe  
  31  9:18  Probe  
  31  9:22  Stalker  
  24  9:38  Probe (Chrono Boost)  
  25  9:48  Probe (Chrono Boost)  
  26  9:53  Probe (Chrono Boost)  
  26  9:58  Photon Cannon  
  27  10:12  Shield Battery  
  27  10:34  Pylon  
  27  10:36  Probe x2  
  29  10:48  Pylon  
Show
View Real Time Build Order
Export as new Build Order

lladnek Zerg - Winner!

Build Orders: Pool First 

Get SALT Encoding   

  12  0:01  Drone  
  13  0:10  Drone  
  14  0:18  Overlord  
  14  0:37  Spawning Pool  
  14  0:40  Drone  
  14  0:49  Drone x2  
  16  1:21  Hatchery  
  16  1:24  Queen  
  17  1:28  Zergling x2  
  18  1:57  Extractor, Zergling x2  
  18  1:58  Zergling x2  
  18  2:00  Queen  
  21  2:11  Overlord  
  21  2:14  Drone  
  22  2:29  Drone  
  23  2:59  Drone x5  
  23  3:00  Drone  
  23  3:02  Extractor  
  28  3:07  Drone  
  29  3:15  Queen  
  29  3:16  Hatchery  
  31  3:41  Drone x3  
  33  3:49  Overlord  
  33  3:54  Lair  
  33  3:56  Metabolic Boost  
  33  4:03  Extractor  
  33  4:04  Extractor  
  31  4:23  Zergling x4  
  33  4:26  Zergling x6  
  33  4:28  Overlord  
  33  4:29  Overlord x2  
  36  4:36  Drone, Evolution Chamber  
  36  4:45  Drone x2  
  38  4:57  Drone x3  
  41  5:03  Spine Crawler  
  41  5:04  Drone  
  40  5:22  Drone x6  
  46  5:33  Spire  
  45  5:41  Drone x3  
  47  5:43  Drone  
  48  5:51  Zerg Ground Armor Level 1  
  48  5:52  Drone  
  49  6:12  Overlord  
  49  6:44  Mutalisk x7  
  49  6:45  Mutalisk  
  65  6:48  Zergling x18  
  74  7:09  Overlord x4  
  74  7:10  Overlord  
  74  7:34  Mutalisk x4  
  77  8:17  Mutalisk x5  
  87  8:33  Mutalisk  
  87  9:05  Spawning Pool  
  87  9:07  Spire  
  84  9:16  Drone  
  85  9:17  Drone x16  
  85  9:18  Drone x3, Overlord x2  
  85  9:19  Overlord x3  
  97  9:44  Extractor  
  97  9:45  Overlord  
  96  9:46  Extractor  
  96  9:47  Overlord  
  96  9:48  Overlord  
  95  10:21  Mutalisk  
  95  10:22  Mutalisk x10  
  95  10:28  Hatchery  
Tags
 
Add a new tag
Caveats
  • Supply blocks, unpowered buildings, or Contaminate may cause inaccurate times.
  • Supply counts are checked every 10 seconds.